 Dungeon Crawl Stone Soup version 0.23.2-1-ga50397a (webtiles) character file.

Game seed: 13165241767618586583

317 Borgoz the Slasher (level 6, 0/78 HPs)
             Began as a Minotaur Berserker on May 26, 2019.
             Was a Believer of Trog.
             Succumbed to kobold's curare-tipped needle
             ... on level 3 of the Dungeon.
             The game lasted 00:04:02 (2069 turns).

Borgoz the Slasher (Minotaur Berserker)             Turns: 2069, Time: 00:04:03

Health: 0/78       AC: 23    Str: 22    XL:     6   Next: 20%
Magic:  5/5        EV:  2    Int:  4    God:    Trog [**....]
Gold:   99         SH:  0    Dex: 16    Spells: 5/5 levels left

rFire    . . .     SeeInvis .   a - +0 falchion
rCold    . . .     Gourm    .   (no shield)
rNeg     + + +     Faith    .   (armour currently unavailable)
rPois    +         Spirit   .   (helmet currently unavailable)
rElec    .         Reflect  .   (cloak currently unavailable)
rCorr    .         Harm     .   (gloves currently unavailable)
MR       +....     NoTele   +   (boots currently unavailable)
Stlth    ++........             (no amulet)
HPRegen  0.23/turn              g - ring of protection from magic
MPRegen  0.09/turn              (no ring)

@: agile, lethally poisoned (0 -> -8), tree-form, berserk cooldown, slowed, very
slow
A: (retaliatory headbutt)
a: Berserk, Trog's Hand, Renounce Religion


You were on level 3 of the Dungeon.
You worshipped Trog.
Trog was pleased with you.
You were very hungry.
You were a tree.
You visited 1 branch of the dungeon, and saw 3 of its levels.

You collected 99 gold pieces.

Inventory:

Hand Weapons
 a - a +0 falchion (weapon)
Armour
 p - a +0 ring mail (melded)
Jewellery
 g - a ring of protection from magic (left branch)
Wands
 o - a wand of scattershot (6)
Scrolls
 b - a scroll of amnesia {unknown}
 f - a scroll of teleportation {unknown}
 h - a scroll of magic mapping {unknown}
 j - a scroll of immolation {unknown}
 m - a scroll of blinking {unknown}
 n - a scroll of enchant weapon {unknown}
Potions
 d - a potion of haste
 i - a potion of flight
Comestibles
 c - 4 rations
 k - 2 chunks of flesh


   Skills:
 + Level 3.7 Fighting
 * Level 6.4 Long Blades
 + Level 4.4 Armour
 + Level 4.0 Dodging


You had 5 spell levels left.
You didn't know any spells.
Your spell library was empty.

Dungeon Overview and Level Annotations

Branches:
Dungeon (3/15)

Altars:
Cheibriados


Innate Abilities, Weirdness & Mutations

((You reflexively headbutt those who attack you in melee.))
((You have a pair of horns on your head.))


Message History

You butcher the orc corpse.
* * * LOW HITPOINT WARNING * * *
You feel sick.
A giant cockroach comes into view.
Items here: % ) [ ÷ a +0 short sword; a leather armour; 4 chunks of flesh; an orc skeleton
* * * LOW HITPOINT WARNING * * *
You feel sick.
Items here: ) [ †† a +0 leather armour; a +0 whip; an orc corpse; a kobold corpse You butcher the orc corpse.
* * * LOW HITPOINT WARNING * * *
You feel sick.
Items here: % ) [ ÷ † a +0 leather armour; a +0 whip; 2 chunks of flesh; an orc skeleton a kobold corpse Really quaff the potion of lignification?
You turn into a tree.
Your +0 ring mail melds into your body.
Your roots penetrate the ground.
You die...

#... #... #...#
#...######
.###........###
.%......$....(#
.####..)......#
.......)).....#.
.####.$(♣....... ###
########..))......#
....
..............s....
..####.....###.#.#....
#...##.....###...#....
###.#..#...........#
...
.............#.##..#
.. #######÷.....#.#
..# .........##### .
.#


You could see a giant cockroach.

Vanquished Creatures
  The ghost of Yui24 the Skirmisher, an amateur DrAK of Lugonu (D:3)
  The ghost of Kahibar the Gusty, an amateur DrAE (D:3)
  An orc priest (D:3)
  Robin (D:2)
  4 adders
  2 oozes
  2 dart slugs (D:3)
  A leopard gecko (D:3)
  4 orcs (D:3)
  10 goblins
  11 hobgoblins
  2 jackals (D:1)
  4 bats
  3 frilled lizards
  5 kobolds
  6 rats
58 creatures vanquished.

Notes
Turn   | Place    | Note
-------+----------+-------------------------------------------
     0 | D:1      | Borgoz the Minotaur Berserker began the quest for the Orb.
     0 | D:1      | Reached XP level 1. HP: 19/19 MP: 0/0
   349 | D:1      | Reached skill level 4 in Long Blades
   350 | D:1      | Reached XP level 2. HP: 13/26 MP: 1/1
   669 | D:2      | Noticed Robin
   679 | D:2      | Reached XP level 3. HP: 11/31 MP: 2/2
   681 | D:2      | Reached ** piety under Trog
   685 | D:2      | Killed Robin
  1434 | D:2      | Reached XP level 4. HP: 35/39 MP: 3/3
  1873 | D:3      | Found a snail-covered altar of Cheibriados.
  1877 | D:3      | Reached skill level 5 in Long Blades
  1956 | D:3      | Found a runed translucent gate.
  1956 | D:3      | Found a runed translucent gate.
  1956 | D:3      | Found a runed translucent gate.
  1957 | D:3      | Noticed Yui24's ghost (amateur DrAK)
  1958 | D:3      | Noticed Kahibar's ghost (amateur DrAE)
  1970 | D:3      | Killed Kahibar's ghost
  1970 | D:3      | Reached XP level 5. HP: 45/45 MP: 4/4
  1974 | D:3      | Killed Yui24's ghost
  1974 | D:3      | Reached skill level 6 in Long Blades
  2030 | D:3      | Reached XP level 6. HP: 51/52 MP: 5/5
  2067 | D:3      | HP: 2/52 [poisoned by kobold (curare-tipped needle)]
  2069 | D:3      | Succumbed to kobold's curare-tipped needle

Skill      XL: |  1  2  3  4  5  6 |
---------------+-------------------+-----
Long Blades    | 4 5 6 |  6.4
Armour         | 3 4 |  4.4
Dodging        | 3 4 |  4.0
Fighting       | |  3.7

Action                   |  1- 3 |  4- 6 || total
-------------------------+-------+-------++-------
Melee: Falchion          |    54 |    39 ||    93
       Headbutt          |     7 |     8 ||    15
Invok: Berserk           |     1 |     2 ||     3
       Trog's Hand       |       |     2 ||     2
  Use: Scroll            |     3 |     2 ||     5
       Potion            |       |     2 ||     2
  Eat: Chunk             |     3 |     3 ||     6
Armor: Animal skin       |     9 |       ||     9
       Ring mail         |       |    10 ||    10
Dodge: Dodged            |    35 |    38 ||    73
       Rpst.: Falchion   |     6 |     9 ||    15
